 Dungeon Crawl Stone Soup version 0.28-a0-969-g2dcde036d2 (webtiles) character file.

Game seed: 12963533269176234583

3228 HessuHobo the Cudgeller (level 9, -1/133 HPs)
             Began as a Troll Fighter on Dec 1, 2021.
             Was a Believer of Okawaru.
             Slain by a two-headed ogre (22 damage)
             ... on level 8 of the Dungeon.
             The game lasted 00:20:14 (6722 turns).

HessuHobo the Cudgeller (Troll Fighter)             Turns: 6722, Time: 00:20:14

Health: -1/133     AC: 11    Str: 30    XL:     9   Next: 66%
Magic:  8/8        EV:  9    Int:  4    God:    Okawaru [**....]
Gold:   379        SH:  7    Dex:  9    Spells: 8/8 levels left

rFire   . . .      SeeInvis .   q - +0 mace (protect)
rCold   + . .      Faith    .   c - +0 kite shield
rNeg    . . .      Spirit   .   b - +0 robe
rPois   .          Reflect  .   (helmet restricted)
rElec   .          Harm     .   (no cloak)
rCorr   .          Rampage  .   (gloves unavailable)
Will    +....                   (boots unavailable)
Stlth   ..........              p - amulet of regeneration
HPRegen 1.92/turn               v - ring of willpower
MPRegen 0.11/turn               w - ring of protection from cold

@: berserking, under a protective aura, studying Dodging, very quick
A: large, unfitting armour, claws 3, regeneration 1, shaggy fur 1, tough skin 1
a: Renounce Religion, Heroism


You were on level 8 of the Dungeon.
You worshipped Okawaru.
Okawaru was pleased with you.
You visited 2 branches of the dungeon, and saw 9 of its levels.

You collected 379 gold pieces.

Inventory:

Hand Weapons
 a - a +0 flail
 j - a +0 giant spiked club
 m - a +0 morningstar
 q - a +0 mace of protection (weapon)
 s - a +0 giant club
Missiles
 e - 177 stones (quivered)
 n - 2 throwing nets
Armour
 b - a +0 robe (worn)
 c - a +0 kite shield (worn)
Jewellery
 h - a +6 ring of dexterity
 o - a ring of resist corrosion
 p - an amulet of regeneration (around neck)
 v - a ring of willpower (left claw)
 w - a ring of protection from cold (right claw)
 z - a +6 ring of dexterity
Wands
 i - a wand of iceblast (1)
 u - a wand of mindburst (20)
Scrolls
 f - a scroll of enchant weapon
 g - a scroll of immolation
 k - 2 scrolls of enchant armour
 l - 2 scrolls of summoning
Potions
 r - 3 potions of curing
 t - a potion of mutation {unknown}
 A - a potion of magic {unknown}


   Skills:
 + Level 6.2 Fighting
 + Level 6.5 Maces & Flails
 + Level 6.3 Dodging
 + Level 2.6 Shields
 + Level 0.8 Invocations
 + Level 4.7 Evocations


You had 8 spell levels left.
You didn't know any spells.
Your spell library contained the following spells:

 Spells                   Type           Power      Damage    Failure   Level
 Foxfire                  Conj/Fire      0%         2x1d4     92%         1
 Conjure Flame            Conj/Fire      0%         6-21      100%        3
 Inner Flame              Hex/Fire       0%         N/A       100%        3
 Flame Wave               Conj/Fire      0%         2d4       100%        4
 Passage of Golubria      Tloc           0%         N/A       100%        4
 Silence                  Hex/Air        0%         N/A       100%        5
 Lehudib's Crystal Spear  Conj/Erth      0%         10d2      100%        8


Dungeon Overview and Level Annotations

Branches:
Dungeon (8/15)             Temple (1/1) D:6            Lair (0/6) D:8

Altars:
Ashenzari
Cheibriados
Dithmenos
Elyvilon
Fedhas
Gozag
Hepliaklqana
Kikubaaqudgha
Makhleb
Nemelex Xobeh
Okawaru
Qazlal
Ru
Sif Muna
Trog
Uskayaw
Vehumet
Wu Jian
Xom
Yredelemnul
Zin
The Shining One

Shops:
D:8 (

Annotations:
D:2 2 exclusions
D:4 2 transporters, MacCMillion's ghost, novice GrEE


Innate Abilities, Weirdness & Mutations

You are too large for most types of armour.
You have claws for hands.
Your natural rate of healing is unusually fast.
You are covered in fur. (AC +1)
You have tough skin. (AC +1)


Message History

The two-headed ogre is lightly wounded.
Aiming: Throw Flame
Press: ? - help, Shift-Dir - straight line, f/p - two-headed ogre
Aim: a two-headed ogre, wielding two +0 giant spiked clubs (lightly wounded, 88% to hit)
The puff of flame hits the two-headed ogre.
The two-headed ogre is moderately wounded.
The now-empty wand crumbles to dust.
Aiming: Mindburst
Press: ? - help, Shift-Dir - straight line, f/p - two-headed ogre
Aim: a two-headed ogre, wielding two +0 giant spiked clubs (moderately wounded, chance to affect: 67%)
The two-headed ogre struggles to resist.
Aiming: Iceblast
Press: ? - help, Shift-Dir - straight line, f/p - two-headed ogre
Aim: a two-headed ogre, wielding two +0 giant spiked clubs (lightly wounded)
The mass of ice explodes!
The iceblast engulfs the two-headed ogre!
The two-headed ogre is moderately wounded.
You thump the two-headed ogre!
Your weapon exudes an aura of protection.
The two-headed ogre is heavily wounded.
The two-headed ogre barely misses you.
The two-headed ogre hits you with a +0 giant spiked club!!
You sock the two-headed ogre!
The two-headed ogre is severely wounded.
The two-headed ogre barely misses you. The two-headed ogre closely misses you.
You closely miss the two-headed ogre.
The two-headed ogre is severely wounded.
The two-headed ogre hits you with a +0 giant spiked club!!
The two-headed ogre barely misses you.
You barely miss the two-headed ogre.
The two-headed ogre is severely wounded.
The two-headed ogre hits you with a +0 giant spiked club!
The two-headed ogre hits you with a +0 giant spiked club!!
* * * LOW HITPOINT WARNING * * *
Okay, then.
A red film seems to cover your vision as you go berserk!
You feel yourself moving faster!
You feel mighty! The two-headed ogre barely misses you.
The two-headed ogre hits you with a +0 giant spiked club!!
You die...

### ###.### ###.....## ##
#........###
##..##.#####..#.....##
#......O@....###.....####
.$............#....##...#
.......##..##......##....
##............##..#........#
...........#..######........
...........##..#.#.##.......
............................
.<...........#..#...........
...........###..###......#..


You could see a two-headed ogre.

Vanquished Creatures
  Maurice (D:8)
  4 sky beasts
  3 black bears
  4 ice beasts
  2 ogres
  A necrophage (D:3)
  5 centaurs
  A kobold brigand (D:6)
  2 bullfrogs
  2 scorpions
  5 wights (D:8)
  A centaur zombie (D:7)
  4 jellies
  A hound (D:5)
  2 centaur skeletons (D:6)
  A gnoll shaman (D:6)
  8 iguanas
  3 orc wizards (D:4)
  5 gnolls
  2 adders
  A howler monkey skeleton (D:7)
  A shadow imp (D:6)
  An ufetubus (D:3)
  2 worms
  4 dart slugs
  11 orcs
  3 ball pythons
  4 bats
  11 endoplasms
  A giant cockroach (D:2)
  5 goblins
  6 hobgoblins
  11 jackals
  2 frilled lizards (D:3)
  13 kobolds
  2 rats
135 creatures vanquished.

Vanquished Creatures (others)
  9 fungi (D:2)
  6 toadstools (D:2)
15 creatures vanquished.

Grand Total: 150 creatures vanquished

Notes
Turn   | Place    | Note
-------+----------+-------------------------------------------
     0 | D:1      | HessuHobo the Troll Fighter began the quest for the Orb.
     0 | D:1      | Reached XP level 1. HP: 22/22 MP: 0/0
    27 | D:1      | You fall into a shaft and drop 1 floor!
    35 | D:2      | Found a faded altar of an unknown god.
   102 | D:2      | Reached XP level 2. HP: 29/29 MP: 1/1
   424 | D:2      | Reached XP level 3. HP: 15/36 MP: 2/2
   849 | D:2      | Reached XP level 4. HP: 45/45 MP: 3/3
  1063 | D:3      | Noticed a necrophage
  1461 | D:3      | Killed a necrophage
  1462 | D:3      | Reached skill level 1 in Evocations
  1462 | D:3      | Reached XP level 5. HP: 22/53 MP: 4/4
  2176 | D:4      | Reached XP level 6. HP: 57/61 MP: 5/5
  2309 | D:4      | Found a transporter.
  2312 | D:4      | Noticed MacCMillion's ghost (novice GrEE)
  2332 | D:4      | Found a transporter.
  2901 | D:5      | Entered Level 5 of the Dungeon
  2972 | D:5      | Reached XP level 7. HP: 70/70 MP: 6/6
  3733 | D:5      | Reached XP level 8. HP: 54/79 MP: 7/7
  4167 | D:6      | Found a staircase to the Ecumenical Temple.
  4185 | D:6      | Reached skill level 5 in Maces & Flails
  4217 | Temple   | Entered the Ecumenical Temple
  4711 | Temple   | Became a worshipper of Warmaster Okawaru
  4810 | D:6      | Reached skill level 5 in Fighting
  4810 | D:6      | Reached skill level 5 in Dodging
  5551 | D:7      | Reached XP level 9. HP: 88/88 MP: 8/8
  5648 | D:7      | Reached * piety under Okawaru
  5888 | D:7      | Found a shimmering altar of Xom.
  5897 | D:7      | Found a shimmering altar of Xom.
  5898 | D:7      | Found a shimmering altar of Xom.
  5901 | D:7      | Found a shimmering altar of Xom.
  6279 | D:8      | Found a staircase to the Lair.
  6334 | D:8      | Found Aques's Antique Weapon Emporium.
  6391 | D:8      | Noticed Maurice
  6465 | D:8      | Killed Maurice
  6465 | D:8      | Reached ** piety under Okawaru
  6582 | D:8      | Identified a scroll of acquirement
  6583 | D:8      | Acquired a manual of Dodging
  6711 | D:8      | Noticed a two-headed ogre
  6722 | D:8      | Slain by a two-headed ogre

Illustrated notes

Levels and vault maps discovered:
D:1:      wander_arrival_peaceful_grave, layout_basic, serial_shops, shop
D:2:      cheibrodos_fertilizer, layout_basic,
          hellmonk_ecumenical_altar_slurped_away
D:3:      layout_loops_ring, kennysheep_minor_cross
D:4:      layout_loops_ring, gammafunk_ghost_arena
D:5:      layout_rooms, hangedman_decor_diamond_cutter
D:6:      layout_rooms, minmay_temple_entry_glass
D:7:      layout_rooms, xom_redecorated, roderic_nine_men_s_morris,
          amcnicky_mini_corridor_feature
D:8:      layout_cave_pools, lair_entry_dummy, serial_shops, shop,
          grunt_livestock, uniq_maurice
Temple:   mainiacjoe_temple_starburst

Skill      XL: |  1  2  3  4  5  6  7  8  9 |
---------------+----------------------------+-----
Maces & Flails | 2 3 4 5 6 |  6.5
Fighting       | 3 4 5 6 |  6.2
Dodging        | 3 4 5 6 |  6.3
Evocations     | 1 2 3 4 |  4.7
Shields        | |  2.6
Invocations    | |  0.8

Action                   |  1- 3 |  4- 6 |  7- 9 || total
-------------------------+-------+-------+-------++-------
Melee: Flail             |    62 |   101 |       ||   163
       Morningstar       |       |    48 |       ||    48
       Mace              |       |    18 |   435 ||   453
       Unarmed           |       |       |     5 ||     5
Throw: Stone             |       |    18 |       ||    18
Evoke: Wand              |       |       |     5 ||     5
  Use: Scroll            |       |     3 |     9 ||    12
       Potion            |       |       |     3 ||     3
Armor: Robe              |    22 |    54 |   403 ||   479
       Skin              |       |       |     8 ||     8
Dodge: Dodged            |    18 |    63 |   308 ||   389
Block: Kite shield       |    15 |    74 |   224 ||   313

Table legend: (Time is in decaauts)
 A = Elapsed time spent in this place.
 B = Non-inter-level travel time spent in this place.
 C = Inter-level travel time spent in this place.
 D = Time resting spent in this place.
 E = Time spent auto-exploring this place.
 F = Levels seen in this place.
 G = Mean time per level.
                   A        B        C        D        E       F      G
               +--------+--------+--------+--------+--------+-----+--------+
         Total |   7010 |   6794 |    216 |   1541 |   3174 |   9 |  778.9 |
       Dungeon |   6451 |   6336 |    115 |   1538 |   2745 |   8 |  806.4 |
        Temple |    559 |    458 |    101 |      3 |    429 |   1 |  559.0 |
               +--------+--------+--------+--------+--------+-----+--------+

Top non-repeatable levels by time:
     D:3: 1194 daAuts
     D:5: 1034 daAuts
     D:6: 1006 daAuts
     D:2: 955 daAuts
     D:7: 932 daAuts
     D:4: 844 daAuts
  Temple: 559 daAuts
     D:8: 457 daAuts
     D:1: 27 daAuts
